 Dungeon Crawl Stone Soup version 0.20.1-1-g8b1a95d (webtiles) character file.

42 Lanoc the Conjurer (level 3, 0/26 HPs)
             Began as a Hill Orc Conjurer on Dec 1, 2017.
             Killed from afar by Sigmund (7 damage)
             ... with a puff of flame
             ... on level 2 of the Dungeon.
             The game lasted 00:05:17 (1082 turns).

Lanoc the Conjurer (Hill Orc Conjurer)              Turns: 1082, Time: 00:05:18

Health: 0/26       AC:  2    Str: 10    XL:     3   Next: 56%
Magic:  1/6        EV: 12    Int: 16    God:
Gold:   18         SH:  0    Dex: 11    Spells: 3/6 levels left

rFire    . . .     SeeInvis .   h - +0 club
rCold    . . .     Gourm    .   (no shield)
rNeg     . . .     Faith    .   a - +0 robe
rPois    .         Spirit   .   (no helmet)
rElec    .         Reflect  .   (no cloak)
rCorr    .         Harm     .   (no gloves)
MR       .....     Clarity  +   (no boots)
Stlth    ++........             (no amulet)
Regen    0.1/turn               (no ring)
MPRegen  0.1/turn               (no ring)

@: no status effects
A: clarity, screaming 1, subdued magic 1
a: no special abilities


You were on level 2 of the Dungeon.
You were not hungry.

You visited 1 branch of the dungeon, and saw 2 of its levels.

You collected 18 gold pieces.

Inventory:

Hand Weapons
 h - a +0 club (weapon)
Armour
 a - a +0 robe (worn)
Scrolls
 e - a scroll of identify {unknown}
 g - 2 scrolls of teleportation {unknown}
 j - a scroll of blinking {unknown}
 k - 2 scrolls of random uselessness {unknown}
Potions
 i - 2 potions of curing
 l - a potion of agility {unknown}
Books
 b - a book of Conjurations

   Spells                             Type                      Level
   a - Magic Dart                     Conjuration                  1
   b - Searing Ray                    Conjuration                  2
   c - Dazzling Spray                 Conjuration/Hexes            3
   d - Fulminant Prism                Conjuration/Hexes            4
   e - Force Lance                    Conjuration/Translocation    4
   f - Iskenderun's Mystic Blast      Conjuration                  4
Comestibles
 c - a bread ration
 d - a royal jelly
 f - 6 chunks of flesh


   Skills:
 + Level 2.0 Dodging
 - Level 1.5 Stealth
 + Level 2.0 Spellcasting
 * Level 4.6 Conjurations


You had 3 spell levels left.
You knew the following spells:

 Your Spells              Type           Power        Failure   Level  Hunger
a - Magic Dart            Conj           ##..         2%          1    #......
b - Searing Ray           Conj           ##....       3%          2    ###....


Dungeon Overview and Level Annotations

Branches:
Dungeon (2/15)

Altars:

Annotations:
D:2 Sigmund


Innate Abilities, Weirdness & Mutations

You possess an exceptional clarity of mind.
You occasionally shout uncontrollably at your foes.
Your spells are a little easier to cast, but a little less powerful.


Message History

Press: ? - help, Shift-Dir - straight line, f/p - Sigmund
Aim: Sigmund, wielding a scythe and wearing a robe (almost dead)
The searing ray misses Sigmund. (Press . to maintain the ray.) Sigmund gestures wildly while chanting.
Sigmund flickers and vanishes!
Deactivating autopickup; reactivate with Ctrl-A.
You hear some strange, mumbled words.
You feel momentarily confused.
Found a royal jelly.
You feel momentarily confused.
Found 12 arrows.
You see here a royal jelly.
d - a royal jelly A puff of flame appears from out of thin air!
The puff of flame hits you!
* * * LOW HITPOINT WARNING * * *
A puff of flame appears from out of thin air!
The puff of flame hits you!
You die...

#.#...........###........#.#
#.#.####.......#..######<.#
#.. .....##.#.#..## #..#
...#.#### #.#.##.# #..# #.#
#.#.##.# #..# #.#.##.# #..##
##(###.#.##.# #...#
#........#..#######.#.#
#.#####@###.......##.#.# #.#
#....8.......# #.#
#.......##.### #.#
##...8..##.# #.# ###.#.(##.#
..# #....##.# ..# ###..##.#
.[. #..##.. #..####


There were no monsters in sight!

Vanquished Creatures
  An ooze (D:1)
  A worm (D:2)
  4 dart slugs (D:1)
  A leopard gecko (D:2)
  3 bats (D:1)
  A giant cockroach (D:1)
  2 goblins (D:1)
  6 hobgoblins (D:1)
  2 frilled lizards
  A kobold (D:1)
  3 rats (D:1)
25 creatures vanquished.

Notes
Turn   | Place    | Note
-------+----------+-------------------------------------------
     0 | D:1      | Lanoc the Hill Orc Conjurer began the quest for the Orb.
     0 | D:1      | Reached XP level 1. HP: 14/14 MP: 3/3
   199 | D:1      | Reached XP level 2. HP: 20/20 MP: 1/4
   206 | D:1      | Learned a level 2 spell: Searing Ray
   609 | D:1      | Reached XP level 3. HP: 17/26 MP: 5/5
  1047 | D:2      | Noticed Sigmund
  1062 | D:2      | Gained mutation: You occasionally shout uncontrollably at your foes. [potion of mutation]
  1062 | D:2      | Gained mutation: Your spells are a little easier to cast, but a little less powerful. [potion of mutation]
  1062 | D:2      | Gained mutation: You possess an exceptional clarity of mind. [potion of mutation]
  1082 | D:2      | Killed from afar by Sigmund

Skill      XL: |  1  2  3 |
---------------+----------+-----
Spellcasting   | 2 |  2.0
Dodging        | 2 |  2.0
Stealth        | |  1.5
Conjurations   | |  4.6

Action                   || total
-------------------------++-------
Melee: Unarmed           ||    19
       Club              ||    38
 Cast: Magic Dart        ||    34
       Searing Ray       ||     6
  Use: Potion            ||     3
 Stab: Sleeping          ||     5
  Eat: Chunk             ||     2
Armor: Robe              ||     9
Dodge: Dodged            ||    40
